 Dungeon Crawl Stone Soup version 0.21.1-1-g345015f (webtiles) character file.

1190 diana the Arsonist (level 8, 0/41 HPs)
             Began as a Deep Elf Fire Elementalist on May 26, 2018.
             Slain by Duvessa
             ... wielding a +0 short sword
              (3 damage)
             ... on level 6 of the Dungeon.
             The game lasted 00:30:29 (6279 turns).

diana the Arsonist (Deep Elf Fire Elementalist)     Turns: 6279, Time: 00:30:30

Health: 0/41       AC:  3    Str:  5    XL:     8   Next: 19%
Magic:  13/20      EV: 13    Int: 21    God:
Gold:   256        SH:  0    Dex: 17    Spells: 15/21 levels left

rFire    . . .     SeeInvis .   n - -1 dagger (curse)
rCold    . . .     Gourm    .   (no shield)
rNeg     . . .     Faith    .   a - +0 robe
rPois    .         Spirit   .   (no helmet)
rElec    .         Reflect  .   (no cloak)
rCorr    .         Harm     .   (no gloves)
MR       .....                  o - +0 pair of boots
Stlth    ++........             (no amulet)
HPRegen  0.13/turn              (no ring)
MPRegen  0.17/turn              (no ring)

@: no status effects
A: no striking features
a: no special abilities


You were on level 6 of the Dungeon.
You were not hungry.

You visited 1 branch of the dungeon, and saw 6 of its levels.
You also visited: Ossuary.

You collected 256 gold pieces.

Inventory:

Hand Weapons
 k - a +0 dagger
 n - a cursed -1 dagger (weapon)
 y - a +2 spear of piercing
Armour
 a - a +0 robe (worn)
 o - a +0 pair of boots (worn)
 z - a +2 helmet of intelligence
Jewellery
 g - an uncursed ring of resist corrosion
Wands
 v - a wand of paralysis (10)
Scrolls
 d - 4 scrolls of identify
 h - 2 scrolls of immolation
 j - a scroll of random uselessness
 l - 4 scrolls of teleportation
 m - a scroll of fog
 r - 2 scrolls of enchant weapon
 s - 2 scrolls of enchant armour
Potions
 e - 2 potions of cancellation {unknown}
 f - 3 potions of heal wounds {unknown}
 i - 2 potions of curing
 p - 4 potions of magic {unknown}
 q - 4 potions of brilliance {unknown}
 t - 2 potions of might {unknown}
 u - a potion of resistance {unknown}
 w - a potion of degeneration {unknown}
 x - a potion of agility {unknown}
Books
 b - a book of Flames

   Spells                             Type                      Level
   a - Flame Tongue                   Conjuration/Fire             1
   b - Throw Flame                    Conjuration/Fire             2
   c - Conjure Flame                  Conjuration/Fire             3
   d - Inner Flame                    Hexes/Fire                   3
   e - Sticky Flame                   Conjuration/Fire             4
   f - Fireball                       Conjuration/Fire             5
Comestibles
 c - 8 rations
 A - a chunk of flesh


   Skills:
 - Level 2.4 Dodging
 - Level 2.4 Stealth
 + Level 7.0 Spellcasting
 + Level 5.3 Conjurations
 * Level 8.3 Fire Magic


You had 15 spell levels left.
You knew the following spells:

 Your Spells              Type           Power        Failure   Level  Hunger
a - Flame Tongue          Conj/Fire      #####        1%          1    None
b - Throw Flame           Conj/Fire      #####.       1%          2    None
c - Conjure Flame         Conj/Fire      #####...     1%          3    #......


Dungeon Overview and Level Annotations

Branches:
Dungeon (6/15)
 Temple: D:4-7

Altars:
Makhleb

Annotations:
D:4 Sigmund
D:6 Duvessa, Eustachio


Message History

Press: ? - help, Shift-Dir - straight line, f - Duvessa
Aim: Duvessa, wielding a short sword and wearing a chain mail (berserk, fast, unusually strong)
The flame tongue hits Duvessa.
Duvessa appears unharmed.
Duvessa is engulfed in blazing flames.
Casting: Flame Tongue
Confirm with . or Enter, or press ? or * to list all spells.
You don't know that spell.
Unknown command.
Duvessa rages.
Duvessa hits you with a short sword. Duvessa hits you with a short sword!
Duvessa rages.
Duvessa hits you with a short sword!
* * * LOW HITPOINT WARNING * * *
Okay, then.
Duvessa hits you with a short sword!
* * * LOW HITPOINT WARNING * * *
Duvessa barely misses you. Duvessa hits you with a short sword.
You die...

#.# #.# #.# #.# < #.#
# #.# # #.# #
#.################ #
#...e@...........#####
################).....
####### # # ######
#<.... #..... #..###


You could see Duvessa (berserk).

Vanquished Creatures
  A hornet zombie (D:5)
  A black bear (D:6)
  A phantom (D:5)
  Dowan (D:6)
  3 scorpions
  2 howler monkeys (D:4)
  A bullfrog skeleton (D:6)
  Terence (D:2)
  3 iguanas
  Natasha (thrice) (D:2)
  2 orc wizards (D:4)
  13 mummies (Ossuary)
  Robin (D:3)
  8 adders
  2 oozes (D:1)
  2 worms
  A dart slug (D:2)
  A leopard gecko (D:3)
  6 orcs
  4 bats
  7 giant cockroaches
  23 goblins
  11 hobgoblins
  5 jackals
  4 quokkas
  A ball python skeleton (D:4)
  8 frilled lizards
  3 gnoll skeletons (Ossuary)
  2 goblin skeletons (Ossuary)
  A jackal skeleton (D:5)
  8 kobolds
  2 kobold skeletons (Ossuary)
  A leopard gecko skeleton (D:5)
  A leopard gecko zombie (D:3)
  An orc skeleton (Ossuary)
  2 quokka zombies (D:5)
  3 rats
  11 rat skeletons (Ossuary)
151 creatures vanquished.

Notes
Turn   | Place    | Note
-------+----------+-------------------------------------------
     0 | D:1      | diana the Deep Elf Fire Elementalist began the quest for the Orb.
     0 | D:1      | Reached XP level 1. HP: 10/10 MP: 6/6
     1 | D:1      | Found a burning altar of Makhleb.
   176 | D:1      | Reached XP level 2. HP: 15/15 MP: 0/8
   852 | D:2      | Reached skill level 4 in Fire Magic
   868 | D:2      | Noticed Natasha
   967 | D:2      | Reached XP level 3. HP: 15/19 MP: 10/10
  1524 | D:2      | Noticed Terence
  1569 | D:2      | Reached XP level 4. HP: 20/24 MP: 2/12
  1656 | D:2      | Learned a level 2 spell: Throw Flame
  1921 | D:2      | Killed Natasha
  2353 | D:3      | Reached skill level 5 in Fire Magic
  2511 | D:3      | Reached XP level 5. HP: 28/28 MP: 1/13
  2550 | D:3      | Noticed Robin
  2719 | D:4      | Learned a level 3 spell: Conjure Flame
  2907 | D:4      | Reached XP level 6. HP: 31/32 MP: 2/15
  3002 | D:4      | Learned a level 3 spell: Conjure Flame
  3122 | D:4      | Reached skill level 5 in Spellcasting
  3148 | D:4      | Reached skill level 6 in Fire Magic
  3166 | D:4      | Found a sand-covered staircase.
  3170 | Ossuary  | Entered an ossuary
  3896 | Ossuary  | Reached XP level 7. HP: 36/36 MP: 12/17
  3984 | D:4      | Noticed Sigmund
  4315 | D:3      | Killed Robin
  4619 | D:2      | Killed Terence
  4686 | D:2      | Noticed Natasha
  4690 | D:2      | Killed Natasha
  4699 | D:2      | Noticed Natasha
  4703 | D:2      | Killed Natasha
  4703 | D:2      | Reached skill level 7 in Fire Magic
  4781 | D:5      | Entered Level 5 of the Dungeon
  5948 | D:6      | Noticed Eustachio
  6054 | D:6      | Reached skill level 5 in Conjurations
  6054 | D:6      | Reached skill level 8 in Fire Magic
  6054 | D:6      | Reached XP level 8. HP: 28/41 MP: 13/20
  6262 | D:6      | Noticed Duvessa
  6262 | D:6      | Noticed Dowan
  6265 | D:6      | Killed Dowan
  6279 | D:6      | Slain by Duvessa

Skill      XL: |  1  2  3  4  5  6  7  8 |
---------------+-------------------------+-----
Fire Magic     | 4 5 6 8 |  8.3
Conjurations   | 2 3 4 5 |  5.3
Spellcasting   | 4 5 6 7 |  7.0
Dodging        | |  2.4
Stealth        | |  2.4

Action                   |  1- 3 |  4- 6 |  7- 9 || total
-------------------------+-------+-------+-------++-------
Melee: Unarmed           |    10 |       |       ||    10
       Dagger            |    18 |    85 |    35 ||   138
 Cast: Flame Tongue      |    58 |    95 |    78 ||   231
       Throw Flame       |       |    45 |    43 ||    88
       Conjure Flame     |       |       |     4 ||     4
  Use: Scroll            |       |     6 |     4 ||    10
       Potion            |       |     1 |       ||     1
  Eat: Chunk             |       |     8 |     6 ||    14
       Ration            |       |       |     1 ||     1
Armor: Robe              |     6 |    17 |    12 ||    35
Dodge: Dodged            |    30 |    63 |    54 ||   147
